 Dungeon Crawl Stone Soup version 0.20-a0-1089-g3fde505 (webtiles) character file.

2440 kuniqs the Summoner (level 9, -4/69 HPs)
             Began as a Gnoll Summoner on May 2, 2017.
             Was a Follower of Sif Muna.
             Shot with a sling bullet by Joseph (13 damage)
             ... on level 8 of the Dungeon.
             The game lasted 00:23:30 (8417 turns).

kuniqs the Summoner (Gnoll Summoner)                Turns: 8417, Time: 00:23:30

Health: -4/69      AC:  4    Str:  7      XL:     9   Next: 49%
Magic:  4/19       EV: 16    Int: 19      God:    Sif Muna [*.....]
Gold:   290        SH:  0    Dex: 13 (14) Spells: 4/21 levels left

rFire    . . .     SeeInvis .   F - +3 short sword (venom)
rCold    . . .     Gourm    .   (no shield)
rNeg     . . .     Faith    .   a - +0 robe
rPois    +         Spirit   .   C - +0 helmet
rElec    .         Reflect  .   D - +0 cloak
rCorr    .         Harm     .   (no gloves)
MR       .....                  (no boots)
Stlth    +++++.....             (no amulet)
Regen    0.3/turn               k - ring of poison resistance
MPRegen  0.2/turn               w - ring of stealth

@: lethally poisoned (-4 -> -5)
A: short attention span, fangs 1, strong nose
a: Divine Energy, Renounce Religion


You were on level 8 of the Dungeon.
You worshipped Sif Muna.
Sif Muna was aware of your devotion.
You were not hungry.

You visited 2 branches of the dungeon, and saw 10 of its levels.
You also visited: Sewer.

You collected 290 gold pieces.

Inventory:

Hand Weapons
 E - a +0 whip of electrocution
 F - a +3 short sword of venom (weapon)
Missiles
 j - 5 silver javelins (quivered)
 B - 144 arrows
Armour
 a - a +0 robe (worn)
 C - a +0 helmet (worn)
 D - a +0 cloak (worn)
Jewellery
 k - a ring of poison resistance (left hand)
 n - an uncursed ring of resist corrosion
 w - a ring of stealth (right hand)
Wands
 G - a wand of iceblast (3/15)
 J - a wand of confusion (24/48)
Scrolls
 g - a scroll of enchant armour
 i - 3 scrolls of recharging
 m - a scroll of acquirement {unknown}
 o - a scroll of magic mapping
 p - 3 scrolls of teleportation
 q - 3 scrolls of remove curse {@r2}
 t - 2 scrolls of amnesia
 u - 2 scrolls of immolation
 v - 2 scrolls of fog
 y - 2 scrolls of fear
Potions
 c - 7 potions of curing {@q1}
 h - 2 potions of brilliance {unknown}
 l - 6 potions of lignification
 r - a potion of resistance {unknown}
 x - a potion of might {unknown}
 z - 2 potions of heal wounds {unknown}
 A - a potion of experience
Books
 b - a book of Callings

   Spells                             Type                      Level
   a - Summon Small Mammal            Summoning                    1
   b - Call Imp                       Summoning                    2
   c - Call Canine Familiar           Summoning                    3
   d - Summon Guardian Golem          Hexes/Summoning              3
   e - Summon Lightning Spire         Summoning/Air                4
   f - Summon Ice Beast               Ice/Summoning                4
 s - a book of Necromancy

   Spells                             Type                      Level
   a - Pain                           Necromancy                   1
   b - Animate Skeleton               Necromancy                   1
   c - Vampiric Draining              Necromancy                   3
   d - Regeneration                   Charms/Necromancy            3
   e - Animate Dead                   Necromancy                   4
   f - Control Undead                 Necromancy                   4
Comestibles
 d - 4 bread rations
 e - 4 meat rations
 f - 3 fruits
 H - a royal jelly


   Skills:
 + Level 5.8 Fighting
 + Level 6.7 Dodging
 + Level 7.5 Stealth
 + Level 6.8 Spellcasting
 + Level 8.1 Summonings
 + Level 4.8 Necromancy
 + Level 4.8 Transmutations
 + Level 4.8 Ice Magic
 + Level 3.7 Air Magic
 + Level 4.0 Invocations


You had 4 spell levels left.
You knew the following spells:

 Your Spells              Type           Power        Failure   Level  Hunger
a - Summon Small Mammal   Summ           ####         1%          1    None
b - Call Imp              Summ           #####...     1%          2    None
c - Call Canine Familiar  Summ           #####...     1%          3    #......
d - Summon Ice Beast      Ice/Summ       ####....     7%          4    ###....
e - Sticks to Snakes      Tmut           ####....     1%          2    None
f - Animate Skeleton      Necr           N/A          1%          1    None
g - Summon Lightning Spi  Summ/Air       ####....     9%          4    ###....


Dungeon Overview and Level Annotations

Branches:
Dungeon (9/15)             Temple (1/1) D:5
   Lair: D:8-11         Orc: D:9-12

Altars:
Ashenzari
Cheibriados
Dithmenos
Gozag
Hepliaklqana
Kikubaaqudgha
Makhleb
Qazlal
Sif Muna
Trog
Vehumet
Wu Jian

Annotations:
D:8 Grum; Joseph; Leszczynek's ghost, novice TeWn


Innate Abilities, Weirdness & Mutations

You have a short attention span.
You have very sharp teeth.
Your uncanny sense of smell can sniff out nearby items.


Message History

Your ball python constricts the quokka.
Your magical contamination has completely faded away.
You feel sick.
The quokka barely misses your ball python.
Your ball python bites the quokka.
Your ball python constricts the quokka.
The quokka bites your ball python.
Your surroundings suddenly seem different.
Joseph shoots a sling bullet.
The sling bullet hits you!
* * * LOW HITPOINT WARNING * * *
The sling bullet freezes you.
* * * LOW HITPOINT WARNING * * *
You see here a sling bullet.
Joseph shoots a sling bullet.
The sling bullet hits you.
* * * LOW HITPOINT WARNING * * *
The sling bullet freezes you.
* * * LOW HITPOINT WARNING * * *
You see here a sling bullet.
You feel sick.
Joseph shoots a sling bullet.
The sling bullet hits you!
You die...

########### #.........#
#.........# #.........######
########
#..............###.......
#.........####.ZZ........
#.....(.@.# #####.......
#########....(....###### #.Z...(.
#.....(##@..........)..# #..Z.>..
.............#########.#####Z####
..._....W(....#### #.......####
.................# ######......
.........(....##.# #...#####
...............# .. #.###
####...##...##.# ## #.


You could see Joseph.

Vanquished Creatures
  Edmund (D:6)
  An orc warrior (D:7)
  A bullfrog (D:7)
  2 scorpions (D:7)
  Dowan (D:6)
  2 killer bees (D:8)
  A bullfrog zombie (D:6)
  A crimson imp (D:6)
  2 hounds
  3 worker ants
  2 adders
  An orc (D:6)
  A bat (D:4)
  A quokka (D:7)
  3 frilled lizards
  A quokka zombie (D:6)
  3 rats
27 creatures vanquished.

Vanquished Creatures (collateral kills)
  Erica (D:8)
  Pikel (D:6)
  A hippogriff (D:7)
  The ghost of DEFE the Pure, an amateur DEAK of Lugonu (D:4)
  Eustachio (D:5)
  Menkaure (D:6)
  Duvessa (D:6)
  A black bear (D:7)
  An orc warrior (D:6)
  A slave (D:6)
  2 ogres
  An ice beast (D:7)
  2 wolves (D:8)
  2 scorpions
  7 killer bees (D:8)
  2 howler monkeys (D:8)
  2 crimson imps (D:6)
  A quasit (D:8)
  A gnoll shaman (D:4)
  2 orc priests (D:6)
  2 jellies
  5 orc wizards
  3 worker ants
  A hound zombie (D:6)
  9 gnolls
  9 adders
  2 shadow imps
  An ooze (D:1)
  An adder zombie (D:7)
  A worm (D:3)
  3 dart slugs (D:3)
  6 leopard geckos
  14 orcs
  5 ball pythons
  7 giant cockroaches
  9 goblins
  4 hobgoblins
  3 jackals (D:2)
  12 kobolds
  4 quokkas
  9 bats
  13 frilled lizards
  A leopard gecko skeleton (D:4)
  4 rats
160 creatures vanquished.

Vanquished Creatures (others)
  A slave (D:6)
1 creature vanquished.

Grand Total: 188 creatures vanquished

Notes
Turn   | Place    | Note
-------+----------+-------------------------------------------
     0 | D:1      | kuniqs the Gnoll Summoner began the quest for the Orb.
     0 | D:1      | Reached XP level 1. HP: 13/13 MP: 4/4
   682 | D:1      | Reached skill level 6 in Summonings
   795 | D:1      | Reached XP level 2. HP: 19/19 MP: 0/6
   799 | D:1      | Learned a level 2 spell: Call Imp
  1414 | D:2      | Reached XP level 3. HP: 19/24 MP: 5/8
  1439 | D:2      | Learned a level 3 spell: Call Canine Familiar
  1875 | D:2      | Reached skill level 1 in Fighting
  2252 | D:2      | Reached XP level 4. HP: 32/32 MP: 9/9
  2613 | D:3      | Found a hazy altar of Hepliaklqana.
  2668 | D:3      | Learned a level 4 spell: Summon Ice Beast
  2708 | D:3      | Found a glowing drain.
  2733 | Sewer    | Entered a sewer
  3088 | D:3      | Reached XP level 5. HP: 39/39 MP: 6/11
  3238 | D:3      | Found a snail-covered altar of Cheibriados.
  3255 | D:3      | Learned a level 2 spell: Sticks to Snakes
  3807 | D:4      | Found a bloodstained altar of Trog.
  3811 | D:4      | Noticed an ogre
  3823 | D:4      | Killed an ogre
  3823 | D:4      | Reached skill level 1 in Ice Magic
  3826 | D:4      | Noticed DEFE's ghost (amateur DEAK)
  3873 | D:4      | Killed DEFE's ghost
  3873 | D:4      | Reached XP level 6. HP: 47/47 MP: 7/13
  4191 | D:4      | Reached skill level 5 in Stealth
  4191 | D:4      | Reached skill level 5 in Spellcasting
  4278 | D:4      | Learned a level 1 spell: Animate Skeleton
  4305 | D:5      | Entered Level 5 of the Dungeon
  4705 | D:5      | Found a staircase to the Ecumenical Temple.
  4714 | Temple   | Entered the Ecumenical Temple
  4756 | Temple   | Became a worshipper of Sif Muna the Loreminder
  5037 | D:6      | Noticed Eustachio
  5047 | D:6      | Reached skill level 7 in Summonings
  5543 | D:5      | Killed Eustachio
  5543 | D:5      | Reached skill level 1 in Necromancy
  5543 | D:5      | Reached XP level 7. HP: 47/53 MP: 1/14
  5603 | D:6      | Reached skill level 5 in Dodging
  5668 | D:6      | Noticed Pikel
  5816 | D:6      | Killed Pikel
  5816 | D:6      | Reached skill level 1 in Invocations
  5910 | D:6      | Noticed Menkaure
  5944 | D:6      | Killed Menkaure
  5944 | D:6      | Reached XP level 8. HP: 60/60 MP: 1/16
  6134 | D:6      | Learned a level 4 spell: Summon Lightning Spire
  6256 | D:6      | Found an ornate altar of the Wu Jian Council.
  6376 | D:6      | Noticed Edmund
  6386 | D:6      | Killed Edmund
  6386 | D:6      | Reached skill level 1 in Air Magic
  6418 | D:6      | Noticed Dowan
  6475 | D:6      | Noticed Duvessa
  6478 | D:6      | Killed Dowan
  6488 | D:6      | Killed Duvessa
  6930 | D:7      | Noticed a hippogriff
  6946 | D:7      | Killed a hippogriff
  6946 | D:7      | Reached * piety under Sif Muna
  6946 | D:7      | Reached skill level 5 in Fighting
  7826 | D:7      | Reached XP level 9. HP: 43/68 MP: 13/18
  7866 | D:7      | Reached skill level 8 in Summonings
  7946 | D:8      | Found a burning altar of Makhleb.
  7950 | D:8      | Noticed Erica
  7968 | D:8      | Killed Erica
  8218 | D:8      | Noticed Leszczynek's ghost (novice TeWn)
  8227 | D:8      | Noticed Joseph
  8394 | D:8      | Noticed Grum
  8408 | D:9      | Noticed a two-headed ogre
  8417 | D:8      | Shot with a sling bullet by Joseph

Vault maps used:
D:1:      dpeg_arrival_concentric_ovals
D:3:      overflow_temple_1_default, kennysheep_slug_shrine,
          cheibrodos_sewer_entry_drain, hangedman_decor_clover_reticule,
          st_stairs_7
D:4:      bloody_trog
D:5:      minmay_temple_entry_poolview, first_bread
D:6:      lemuel_crystal_altar, uniq_duvessa, uniq_edmund, uniq_eustachio,
          uniq_pikel, uniq_menkaure
D:8:      nicolae_overflow_crystal_walls, old_standard_altar, basic_altar,
          uniq_grum, uniq_erica, uniq_joseph
D:9:      erik_lair_island, basic_altar, uniq_erolcha, uniq_gastronok
Temple:   regret_index_temple_sphere_string
Sewer:    sewer_co_cracked_pipes

Skill      XL: |  1  2  3  4  5  6  7  8  9 |
---------------+----------------------------+-----
Summonings     | 6 7 8 |  8.1
Stealth        | 3 4 5 6 7 |  7.5
Fighting       | 1 2 3 4 5 |  5.8
Spellcasting   | 4 5 6 |  6.8
Dodging        | 4 5 6 |  6.7
Ice Magic      | 1 2 4 |  4.8
Transmutations | 2 3 4 |  4.8
Necromancy     | 1 2 4 |  4.8
Invocations    | 1 3 4 |  4.0
Air Magic      | 2 3 |  3.7

Action                   |  1- 3 |  4- 6 |  7- 9 || total
-------------------------+-------+-------+-------++-------
Melee: Unarmed           |     2 |       |       ||     2
       Mace              |     6 |    15 |       ||    21
       Spear             |       |    38 |       ||    38
       Bite              |       |     2 |     5 ||     7
       Whip              |       |       |    21 ||    21
       Short sword       |       |       |    46 ||    46
 Cast: Summon Small Mamm |    31 |       |       ||    31
       Call Imp          |    13 |    11 |       ||    24
       Call Canine Famil |    12 |    33 |    10 ||    55
       Summon Ice Beast  |       |     8 |    33 ||    41
       Sticks to Snakes  |       |     1 |     4 ||     5
       Animate Skeleton  |       |       |    14 ||    14
       Summon Lightning  |       |       |    10 ||    10
  Use: Scroll            |       |    12 |     1 ||    13
       Potion            |       |     2 |       ||     2
 Stab: Sleeping          |       |     2 |     2 ||     4
       Distracted        |       |     6 |       ||     6
  Eat: Chunk             |     5 |    12 |    16 ||    33
       Royal jelly       |       |     1 |       ||     1
       Fruit             |       |     1 |       ||     1
Armor: Robe              |    10 |    21 |    17 ||    48
Dodge: Dodged            |    29 |    76 |   102 ||   207
